AoeStats
← Jeronimoo

Arena

509686841Analyzed
4v4 RM · 6d ago on Sep 27, 2026· 52m 55s· 8 players
Game mode
Random Map
Map size
Large (8 player)
Population
200
Speed
Normal
Resources
Standard
Victory
Conquest
Starting age
Dark Age
Ending age
Imperial Age
RankedLock teamsTeams togetherTeam positionsShared explorationLock speedFull tech treeHidden civsTurbo modeCheats
Victory
Defeat
🇪🇸 Franks · Spain
820
+14
🇩🇪 Byzantines · Germany
774
+16
🇹🇷 Koreans · Türkiye
695
+19
🇲🇽 Bohemians · Mexico
628
+23
🇦🇷 Portuguese · Argentina
815
-19
🇦🇷 Britons · Argentina
814
-54
🇺🇸 Huns · United States
742
-17
🇧🇷 Britons · Brazil
730
-16
CouthTortoise40
0:37 Loom
13:55 Feudal Age
18:17 Castle Age
19:40 Double-Bit Axe
20:00 Horse Collar
21:31 Fervor
24:42 Wheelbarrow
24:42 Stone Mining
24:48 Gold Mining
29:03 Bow Saw
29:06 Murder Holes
29:59 Hand Cart
32:20 Gold Shaft Mining
32:11 Marauders
32:17 Husbandry
32:27 Bloodlines
35:25 Imperial Age
32:41 Town Watch
33:56 Heavy Plow
34:26 Forging
34:34 Caravan
35:05 Scale Barding Armor
36:28 Iron Casting
36:14 Chain Barding Armor
35:51 Elite Tarkan
36:06 Pikeman
37:35 Conscription
38:59 Two-Man Saw
41:41 Chemistry
42:19 Blast Furnace
41:55 Plate Barding Armor
41:20 Scale Mail Armor
41:24 Halberdier
42:05 Squires
41:50 Arson
Forbraer
0:28 Loom
11:30 Feudal Age
11:59 Horse Collar
12:08 Double-Bit Axe
20:42 Castle Age
18:36 Gold Mining
19:45 Padded Archer Armor
20:44 Fletching
20:46 Stone Mining
22:42 Bow Saw
24:31 Heavy Plow
25:15 Leather Archer Armor
28:59 Wheelbarrow
32:32 Imperial Age
30:21 Hand Cart
29:54 Town Watch
32:11 Bodkin Arrow
32:41 Ballistics
32:32 Fortified Wall
33:38 Conscription
33:41 Yeomen
32:52 Pikeman
33:32 Squires
34:51 Bracer
35:55 Chemistry
36:08 Forging
40:04 Two-Man Saw
39:43 Gold Shaft Mining
39:22 Halberdier
39:40 Elite Longbowman
42:04 Elite Skirmisher
44:02 Man-at-Arms
44:28 Gambesons
maxibustos1985
3:19 Loom
9:21 Feudal Age
10:01 Horse Collar
10:09 Double-Bit Axe
11:03 Wheelbarrow
14:07 Stone Mining
18:36 Town Watch
24:29 Castle Age
25:20 Gold Mining
27:36 Heavy Plow
29:01 Caravan
29:32 Coinage
30:51 Hand Cart
31:24 Gold Shaft Mining
31:49 Padded Archer Armor
31:50 Scale Mail Armor
31:55 Scale Barding Armor
35:51 Hand Cart
39:38 Husbandry
47:32 Bow Saw
47:50 Town Patrol
48:52 Chain Mail Armor
48:47 Forging
48:43 Scale Barding Armor
48:54 Leather Archer Armor
48:29 Fletching
Argonía
13:07 Feudal Age
13:57 Double-Bit Axe
13:53 Horse Collar
14:02 Town Watch
16:34 Loom
20:33 Gold Mining
23:07 Castle Age
22:09 Bloodlines
22:37 Stone Mining
23:10 Forging
23:49 Heavy Plow
25:08 Light Cavalry
25:51 Husbandry
26:35 Scale Barding Armor
27:48 Wheelbarrow
28:55 Chain Barding Armor
29:35 Iron Casting
30:24 Stone Mining
32:56 Hand Cart
33:32 Fletching
33:43 Padded Archer Armor
35:33 Bow Saw
36:07 Pikeman
38:18 Ballistics
38:09 Fortified Wall
37:54 Murder Holes
38:59 Gambesons
39:30 Elite Skirmisher
44:12 Imperial Age
41:52 Caravan
45:22 Conscription
45:05 Arquebus
45:45 Elite Organ Gun
chuchorex123
0:32 Loom
12:18 Feudal Age
13:02 Double-Bit Axe
14:14 Wheelbarrow
20:02 Castle Age
18:11 Horse Collar
20:10 Forging
23:07 Fervor
23:11 Fervor
23:30 Hand Cart
26:48 Pikeman
30:09 Arson
34:03 Imperial Age
32:04 Scale Mail Armor
33:47 Chain Mail Armor
34:08 Iron Casting
34:21 Halberdier
34:34 Capped Ram
37:33 Heavy Plow
39:36 Blast Furnace
39:55 Bow Saw
40:01 Town Watch
42:04 Two-Man Saw
41:28 Squires
42:46 Plate Mail Armor
47:13 Town Patrol
49:18 Padded Archer Armor
49:09 Fletching
49:24 Scale Barding Armor
49:31 Redemption
49:42 Sanctity
49:23 Atonement
49:26 Caravan
49:40 Fortified Wall
49:50 Ballistics
50:31 Chemistry
49:13 Elite Hussite Wagon
50:00 Wagenburg Tactics
51:38 Murder Holes
52:15 Coinage
52:02 Leather Archer Armor
51:42 Bodkin Arrow
52:08 Chain Barding Armor
52:15 Illumination
52:06 Block Printing
53:38 Guilds
53:58 Banking
53:51 Bombard Tower
53:17 Arrowslits
53:23 Guard Tower
TENNOSUKE
12:10 Feudal Age
16:07 Castle Age
14:20 Double-Bit Axe
18:31 Bow Saw
23:14 Wheelbarrow
23:34 Stone Mining
23:42 Gold Mining
24:38 Hand Cart
26:50 Gold Shaft Mining
29:24 Imperial Age
27:43 Scale Barding Armor
27:48 Forging
28:06 Husbandry
29:16 Chain Barding Armor
28:24 Ordonnance Companies
30:12 Cavalier
31:43 Plate Barding Armor
31:44 Iron Casting
32:29 Paladin
34:56 Blast Furnace
35:03 Chemistry
34:23 Ballistics
34:40 Pikeman
35:23 Squires
35:26 Scale Mail Armor
35:27 Padded Archer Armor
35:17 Fletching
37:38 Chain Mail Armor
37:39 Leather Archer Armor
37:47 Halberdier
37:49 Elite Skirmisher
39:07 Caravan
38:42 Elite Throwing Axeman
39:28 Bodkin Arrow
40:22 Plate Mail Armor
41:03 Chivalry
Jeronimoo
6:31 Loom
13:20 Feudal Age
13:46 Horse Collar
14:09 Double-Bit Axe
15:20 Wheelbarrow
17:08 Gold Mining
21:39 Castle Age
22:50 Hand Cart
22:38 Heavy Plow
22:53 Bow Saw
23:22 Gold Shaft Mining
22:50 Husbandry
24:14 Scale Barding Armor
25:15 Forging
30:09 Imperial Age
31:20 Crop Rotation
32:13 Chain Barding Armor
34:00 Two-Man Saw
33:20 Cavalier
35:31 Plate Barding Armor
37:05 Iron Casting
37:46 Paladin
42:04 Stone Mining
spawn
0:38 Loom
11:19 Feudal Age
11:46 Man-at-Arms
13:38 Double-Bit Axe
14:12 Stone Mining
17:08 Town Watch
18:09 Horse Collar
23:33 Castle Age
23:04 Gold Mining
25:22 Fletching
26:09 Bodkin Arrow
26:14 Crossbowman
31:31 Bow Saw
37:12 Imperial Age
35:41 Town Patrol
37:29 Wheelbarrow
39:18 Fortified Wall
39:30 Hand Cart
40:30 Two-Man Saw
39:39 Treadmill Crane
41:05 Chemistry
40:26 Ballistics
40:07 Heavy Cavalry Archer
41:53 Bracer
42:10 Thumb Ring
45:09 Elite Skirmisher
47:59 Forging
50:10 Murder Holes
52:32 Iron Casting
53:01 Siege Engineers
Connection lost

Rejoining the realm…

Still unreachable

The connection could not be restored.

Session expired

The server has moved on; the page needs a fresh start.